 Dungeon Crawl Stone Soup version 0.31-a0-810-ga77100ea1a (webtiles) character file.

Game seed: 6041472655253594121

59607 Newt the Spear-Bearer (level 14, -10/99 HPs)
             Began as a Demonspawn Gladiator on Sept 21, 2023.
             Was a High Priest of Hepliaklqana.
             Killed from afar by an ice dragon (39 damage)
             ... with a blast of cold
             ... on level 15 of the Dungeon.
             The game lasted 00:27:03 (20050 turns).

Newt the Spear-Bearer (Demonspawn Gladiator)       Turns: 20050, Time: 00:27:03

Health: -10/99     AC: 14    Str: 20    XL:     14   Next: 53%
Magic:  20/20      EV: 14    Int:  9    God:    Hepliaklqana [*****.]
Gold:   951        SH: 23    Dex: 21    Spells: 13/13 levels left

rFire   + . .        g - +4 spear (flame)
rCold   . . .        r - +3 kite shield
rNeg    . . .        b - +1 robe of Vines {NoPotionHeal Regen++++}
rPois   .            I - +2 hat
rElec   .            h - +0 cloak
rCorr   .            j - +0 pair of gloves
SInv    .            W - +1 pair of boots
Will    +....        G - amulet of reflection
Stlth   ++           m - +6 ring of dexterity
HPRegen 3.56/turn    w - ring of protection from fire
MPRegen 0.17/turn

%: reflection
@: no status effects
A: reduced essence, antennae 2, icy blue scales 2, demonic guardian 1,
condensation shield
a: Renounce Religion, Recall Ancestor, Ancestor Identity, Transference, Idealise


You were on level 15 of the Dungeon.
You worshipped Hepliaklqana.
Hepliaklqana was extremely pleased with you.
You visited 2 branches of the dungeon, and saw 16 of its levels.
You also visited: Bailey.

You collected 1359 gold pieces.
You spent 408 gold pieces at shops.

Inventory:

Hand Weapons
 a - a +0 rapier
 g - a +4 spear of flaming (weapon)
 B - the +8 whip "Earthworm" {venom, rElec}
   (You found it on level 6 of the Dungeon)

   rElec:     It insulates you from electricity.
Missiles
 d - 2 throwing nets (quivered)
 e - 11 javelins
Armour
 b - the +1 robe of Vines (worn) {NoPotionHeal Regen++++}
   (You found it on level 14 of the Dungeon)

   NoPotionHeal: Its wearer cannot be healed by potions.
   Regen++++: It increases your rate of health regeneration.
 h - a +0 cloak (worn)
 j - a +0 pair of gloves (worn)
 r - a +3 kite shield (worn)
 I - a +2 hat (worn)
 M - the +4 Cigotuvi's embrace {Corpsefed rMiasma Drain rN+}
   (You found it in a bailey)

   Corpsefed: It gathers nearby corpses to temporarily increase the armour it
   provides.
   rMiasma:   It protects you from foul pestilence.
   rN+:       It protects you from negative energy.
   Drain:     It drains your maximum health when unequipped.
 P - a +2 plate armour of fire resistance
 W - a +1 pair of boots (worn)
Jewellery
 m - a +6 ring of dexterity (left hand)
 s - a ring of willpower
 v - a ring of ice
 w - a ring of protection from fire (right hand)
 y - a ring of fire
 A - a ring of see invisible
 G - an amulet of reflection (around neck)
 X - a ring of flight
 Y - a ring of fire
Wands
 D - a wand of iceblast (3)
 E - a wand of polymorph (20)
 H - a wand of paralysis (11)
 K - a wand of quicksilver (15)
 R - a wand of flame (42)
 Z - a wand of digging (8)
Scrolls
 c - a scroll of poison
 k - a scroll of silence
 n - 3 scrolls of revelation
 o - 6 scrolls of teleportation
 p - 4 scrolls of identify
 q - a scroll of fear
 u - a scroll of immolation
 F - 3 scrolls of enchant armour
 L - a scroll of brand weapon
 N - 4 scrolls of enchant weapon
 T - a scroll of fog
Potions
 f - 2 potions of invisibility
 i - a potion of might
 l - 2 potions of lignification
 t - a potion of mutation
 x - 3 potions of heal wounds
 z - a potion of berserk rage
 C - 3 potions of degeneration
 J - a potion of brilliance
 O - 4 potions of ambrosia
 Q - a potion of magic
 S - 3 potions of attraction
 U - 2 potions of curing
 V - a potion of haste


   Skills:
 - Level 10.0 Fighting
 - Level 2.6 Short Blades
 - Level 14.0 Polearms
 - Level 1.7 Throwing
 - Level 10.0 Armour
 - Level 5.0 Dodging
 - Level 5.0 Shields
 - Level 9.0 Invocations
 + Level 12.1 Evocations


You had 13 spell levels left.
You didn't know any spells.
Your spell library contained the following spells:

 Spells                   Type           Power      Damage    Failure   Level
 Foxfire                  Conj/Fire      0%         2x1d4     67%         1
 Freeze                   Ice            0%         1d3       67%         1
 Shock                    Conj/Air       0%         1d3       67%         1
 Slow                     Hex            0%         N/A       67%         1
 Cigotuvi's Dreadful Rot  Necr/Pois/Air  0%         N/A       80%         2
 Ensorcelled Hibernation  Hex/Ice        0%         N/A       80%         2
 Jinxbite                 Hex            0%         N/A       80%         2
 Lesser Beckoning         Tloc           0%         N/A       80%         2
 Confusing Touch          Hex            0%         N/A       95%         3
 Gell's Gravitas          Tloc           0%         N/A       95%         3
 Ignite Poison            Fire/Tmut/Pois 0%         N/A       95%         3
 Ozocubu's Armour         Ice            0%         N/A       95%         3
 Sigil of Binding         Hex            0%         N/A       95%         3
 Swiftness                Air            0%         N/A       95%         3
 Teleport Other           Tloc           0%         N/A       95%         3
 Vampiric Draining        Necr           0%         2d6       95%         3
 Airstrike                Air            0%         2d(0-16)  100%        4
 Anguish                  Hex/Necr       0%         N/A       100%        4
 Animate Dead             Necr           0%         N/A       100%        4
 Cause Fear               Hex            0%         N/A       100%        4
 Dispel Undead            Necr           0%         3d6       100%        4
 Sticky Flame             Conj/Fire      0%         2d3       100%        4
 Alistair's Intoxication  Tmut/Pois      0%         N/A       100%        5
 Fireball                 Conj/Fire      0%         3d3       100%        5
 Irradiate                Conj/Tmut      0%         3d11      100%        5
 Metabolic Englaciation   Hex/Ice        0%         N/A       100%        5
 Yara's Violent Unravell  Hex/Tmut       0%         3d3       100%        5
 Conjure Ball Lightning   Conj/Air       0%         3x3d6     100%        6
 Death Channel            Necr           0%         N/A       100%        6
 Simulacrum               Ice/Necr       0%         N/A       100%        6
 Haunt                    Necr/Summ      0%         N/A       100%        7
 Discord                  Hex            0%         N/A       100%        8
 Disjunction              Tloc           0%         N/A       100%        8
 Ignition                 Fire           0%         3d3       100%        8
 Infestation              Necr           0%         N/A       100%        8
 Dragon's Call            Summ           0%         N/A       100%        9


Dungeon Overview and Level Annotations

Branches:
Dungeon (15/15)            Temple (1/1) D:7            Lair (0/5) D:10
    Orc (0/2) D:10         Vaults (0/5) D:14         Bailey (visited)
 Depths: D:15

Altars:
Ashenzari
Cheibriados
Dithmenos
Fedhas
Gozag
Hepliaklqana
Kikubaaqudgha
Makhleb
Nemelex Xobeh
Okawaru
Qazlal
Ru
Sif Muna
Trog
Uskayaw
Vehumet
Wu Jian
Xom
Yredelemnul

Shops:
D:13 *?   D:14 (


Innate Abilities, Weirdness & Mutations

Your life essence is reduced to manifest your ancestor. (-10% HP)
You have a pair of antennae on your head.
You are mostly covered in icy blue scales. (AC +3)
A weak demonic guardian rushes to your aid.
A meltable shield of frost defends you. (SH +4)


Message History

Your quasit claws the ice dragon but does no damage. x2
Your quasit bites the ice dragon but does no damage.
Your quasit claws the ice dragon but does no damage. x2
Your quasit bites the ice dragon but does no damage.
Your quasit claws the ice dragon but does no damage. x2
There is an open door here.
Nefertari is still trapped in memory!
There is a dry fountain here.
The ice dragon breathes frost at you. The blast of cold misses you.
There is a dry fountain here.
You reach to attack!
You hit the ice dragon but do no damage.
The ice dragon breathes frost at you.
The blast of cold hits the ice dragon.
The ice dragon resists.
The blast of cold hits you!
A demonic guardian appears!
You barely miss the ice dragon.
The ice dragon is lightly wounded.
You hit the ice dragon. You burn the ice dragon.
The ice dragon is lightly wounded.
The ice dragon closely misses you. You block the ice dragon's attack.
The ice dragon tramples you but does no damage.
You hit the ice dragon but do no damage.
The ice dragon is lightly wounded.
The ice dragon breathes frost at you. The blast of cold hits you!!
You hit the ice dragon. You burn the ice dragon.
The ice dragon is moderately wounded.
Your ufetubus hits the ice dragon.
Your ufetubus hits the ice dragon but does no damage.
You hit the ice dragon. You burn the ice dragon.
The ice dragon is moderately wounded.
The ice dragon breathes frost at you.
The blast of cold hits the ice dragon!
The ice dragon resists.
The blast of cold hits you!!!
* * * LOW HITPOINT WARNING * * *
Your ufetubus hits the ice dragon. x2
The ice dragon breathes frost at you. The blast of cold hits you!!!
You die...

#### #### #..# #..#
#..# #..###### #..#
#..#....##### #..#
#..#....(...#
###..#####..#..#####.#
...............#5..#.##
..............DD@⌠.+..#
#.(......####..#...#..#
#).......# #..#####..#
#........# #.........#
#........# #...####..#
#........####..#####.##
.....................#
.....................#
###..####............#


You could see 2 ice dragons and a friendly ufetubus (summoned).

Vanquished Creatures
  A storm dragon (D:14)
  A frost giant (D:13)
  2 ettins (D:13)
  An entropy weaver (D:14)
  Erolcha (D:12)
  A rakshasa (D:14)
  A vault guard (D:14)
  2 ogre magi
  8 centaur warriors
  A death knight (D:14)
  4 boulder beetles
  10 two-headed ogres
  A tengu warrior (D:14)
  Urug (D:10)
  Amaemon (D:9)
  A phantasmal warrior (D:13)
  An orc knight (Bailey)
  Pikel (D:8)
  3 deep elf pyromancers
  5 ugly things
  3 manticores
  7 cyclopes
  7 slime creatures
  Maurice (D:8)
  Joseph (D:7)
  A gargoyle (D:13)
  Jeremiah (D:8)
  An unseen horror (D:12)
  Maggie (D:6)
  An efreet (D:15)
  A kobold demonologist (D:12)
  2 freezing wraiths (D:12)
  A queen bee (shapeshifter) (D:14)
  A queen bee (D:14)
  2 trolls (shapeshifter) (D:13)
  4 meliai (D:14)
  A shadow (D:6)
  17 yaks
  2 hogs (D:12)
  A wyvern (D:9)
  2 wraiths
  Grum (D:8)
  Menkaure (D:4)
  3 steam dragons
  6 vampire mosquitoes
  2 water moccasins
  Edmund (D:5)
  A warg (D:14)
  A sky beast (D:7)
  8 orc warriors
  A black bear (D:5)
  An ice beast (D:6)
  6 ogres
  12 centaurs
  2 wolves (D:8)
  A phantom (D:7)
  3 kobold brigands
  5 scorpions
  5 bullfrogs
  16 killer bees
  A howler monkey (D:8)
  2 gnoll boudas
  2 hounds
  5 orc priests
  A sleepcap (D:8)
  6 orc wizards
  3 iguanas
  23 gnolls
  8 adders
  A shadow imp (D:7)
  A white imp (D:6)
  An ufetubus (D:5)
  A worm (D:4)
  A dart slug (D:3)
  44 orcs
  5 ball pythons
  7 endoplasms
  4 giant cockroaches
  14 goblins
  4 hobgoblins
  4 jackals (D:4)
  5 quokkas
  5 bats
  3 frilled lizards
  17 kobolds
  13 rats
362 creatures vanquished.

Vanquished Creatures (collateral kills)
  Kirke (D:12)
  2 death knights (D:13)
  A deep troll earth mage (D:14)
  4 two-headed ogres
  A skeletal warrior (D:12)
  An orc knight (D:13)
  A phantasmal warrior (D:13)
  A cyclops (D:12)
  An orc sorcerer (D:14)
  3 ugly things
  5 slime creatures
  An orange demon (D:9)
  An efreet (D:11)
  5 freezing wraiths
  A wraith (D:10)
  A vampire (D:11)
  4 yaks
  A basilisk (D:14)
  2 hogs (D:12)
  2 vampire mosquitoes
  An acid dragon (D:10)
  An orc warrior (Bailey)
  An ogre (D:15)
  A lemure (D:8)
  3 centaurs
  4 killer bees
  An orc priest (D:9)
  3 orc wizards (D:9)
  4 orcs
58 creatures vanquished.

Vanquished Creatures (others)
  An ogre mage (D:15)
  14 knights
  An orc (D:6)
16 creatures vanquished.

Grand Total: 436 creatures vanquished

Notes
Turn   | Place    | Note
-------+----------+-------------------------------------------
     0 | D:1      | Newt the Demonspawn Gladiator began the quest for the Orb.
     0 | D:1      | Reached XP level 1. HP: 16/16 MP: 1/1
   166 | D:1      | Gained mutation: You are partially covered in icy blue
                  | scales. (AC +2) [demonic ancestry]
   166 | D:1      | Reached XP level 2. HP: 5/23 MP: 2/2
   547 | D:1      | Gained mutation: You have a pair of small antennae on your
                  | head. [demonic ancestry]
   547 | D:1      | Reached XP level 3. HP: 29/29 MP: 3/3
  1037 | D:2      | Identified the +3 chain mail of Wu Jian's Benevolence
                  | {Int+3}
  1404 | D:2      | Reached skill level 1 in Polearms
  1449 | D:2      | Found the +7 Kryia's mail coat {PotionHeal*2 rC+}
  1991 | D:3      | Reached XP level 4. HP: 34/37 MP: 4/4
  2105 | D:3      | Reached skill level 2 in Polearms
  2445 | D:3      | Reached XP level 5. HP: 41/42 MP: 5/5
  2450 | D:3      | Reached skill level 3 in Polearms
  2459 | D:3      | Found a shimmering altar of Xom.
  2633 | D:4      | Noticed Menkaure
  2643 | D:4      | Killed Menkaure
  2644 | D:4      | Reached skill level 4 in Polearms
  2644 | D:4      | Reached skill level 1 in Armour
  2644 | D:4      | Gained mutation: A meltable shield of frost defends you.
                  | (SH +4) [demonic ancestry]
  2644 | D:4      | Reached XP level 6. HP: 18/48 MP: 6/6
  2930 | D:4      | You fall into a shaft and drop 1 floor!
  2930 | D:5      | Entered Level 5 of the Dungeon
  3171 | D:5      | Reached XP level 7. HP: 54/54 MP: 7/7
  3283 | D:4      | Noticed a steam dragon
  3298 | D:4      | Killed a steam dragon
  3306 | D:4      | Reached skill level 5 in Armour
  3722 | D:4      | Reached skill level 5 in Fighting
  4297 | D:5      | Reached XP level 8. HP: 61/64 MP: 8/8
  4337 | D:5      | Noticed Edmund
  4355 | D:5      | Killed Edmund
  4434 | D:5      | Reached skill level 5 in Polearms
  4612 | D:5      | Found a blossoming altar of Fedhas.
  4946 | D:6      | Reached skill level 6 in Polearms
  4957 | D:6      | Identified the +8 whip "Earthworm" {venom, rElec}
  5204 | D:6      | Reached skill level 7 in Polearms
  5217 | D:6      | Reached skill level 1 in Shields
  5318 | D:6      | Noticed Maggie
  5340 | D:6      | Killed Maggie
  5341 | D:6      | Gained mutation: A weak demonic guardian rushes to your
                  | aid. [demonic ancestry]
  5341 | D:6      | Reached XP level 9. HP: 69/69 MP: 9/9
  5811 | D:7      | Reached skill level 5 in Shields
  5832 | D:7      | Found a staircase to the Ecumenical Temple.
  5849 | Temple   | Entered the Ecumenical Temple
  5862 | Temple   | Became a worshipper of Hepliaklqana the Forgotten
  6020 | D:7      | Noticed Joseph
  6040 | D:7      | Killed Joseph
  6041 | D:7      | Reached skill level 8 in Polearms
  6129 | D:7      | Found a flagged portal.
  6177 | D:7      | Reached skill level 9 in Polearms
  6192 | Bailey   | Entered a bailey
  6485 | Bailey   | Gained mutation: You have a pair of antennae on your head.
                  | [demonic ancestry]
  6485 | Bailey   | Reached XP level 10. HP: 20/76 MP: 10/10
  6500 | Bailey   | Noticed an orc knight
  6546 | Bailey   | Killed an orc knight
  6547 | Bailey   | Reached skill level 10 in Polearms
  6844 | Bailey   | Found a large runed translucent door.
  6844 | Bailey   | Found a large runed translucent door.
  6845 | Bailey   | Noticed a deep elf pyromancer
  6847 | Bailey   | Found the +4 Cigotuvi's embrace {Corpsefed rMiasma Drain
                  | rN+}
  6959 | Bailey   | Killed a deep elf pyromancer
  6969 | Bailey   | Got an engraved book
  7412 | D:8      | Noticed Maurice
  7428 | D:8      | Killed Maurice
  7429 | D:8      | Reached skill level 5 in Dodging
  7451 | D:8      | Noticed Grum
  7467 | D:8      | Killed Grum
  7506 | D:8      | Reached * piety under Hepliaklqana
  7938 | D:8      | Noticed Pikel
  7951 | D:8      | Killed Pikel
  8244 | D:8      | Noticed a cyclops
  8258 | D:8      | Killed a cyclops
  8297 | D:8      | Reached ** piety under Hepliaklqana
  8299 | D:8      | Remembered your ancestor Nefertari as a knight
  8375 | D:8      | Noticed Jeremiah
  8381 | D:8      | Killed Jeremiah
  8460 | D:9      | Noticed a two-headed ogre
  8460 | D:9      | Noticed a two-headed ogre
  8469 | D:8      | Killed a two-headed ogre
  8470 | D:8      | Reached XP level 11. HP: 18/80 MP: 11/11
  8749 | D:9      | Killed a two-headed ogre
  8750 | D:9      | Reached skill level 10 in Fighting
  8757 | D:9      | Reached skill level 1 in Evocations
  9103 | D:9      | Reached skill level 5 in Evocations
  9217 | D:9      | Noticed a boulder beetle
  9256 | D:9      | Killed a boulder beetle
  9270 | D:9      | Noticed Amaemon
  9294 | D:9      | Killed Amaemon
  9931 | D:10     | Entered Level 10 of the Dungeon
 10160 | D:10     | Found a staircase to the Orcish Mines.
 10210 | D:10     | Noticed a two-headed ogre
 10243 | D:10     | Killed a two-headed ogre
 10431 | D:10     | Noticed Urug
 10447 | D:10     | Killed Urug
 10458 | D:10     | Noticed a two-headed ogre
 10467 | D:10     | Killed a two-headed ogre
 10678 | D:10     | Found a staircase to the Lair.
 10860 | D:11     | Noticed a two-headed ogre
 10868 | D:11     | Killed a two-headed ogre
 10869 | D:11     | Reached XP level 12. HP: 85/87 MP: 12/12
 11143 | D:11     | Reached skill level 10 in Evocations
 11208 | D:11     | Reached *** piety under Hepliaklqana
 11268 | D:11     | Noticed a two-headed ogre
 11276 | D:11     | Killed a two-headed ogre
 11329 | D:11     | Identified the +4 war axe of Qiliemien {heavy, *Noise rElec
                  | rPois rCorr Dex+2}
 11423 | D:11     | Identified the +1 robe of the Silversmith {rN+ Dex+2}
 12275 | D:12     | Noticed Erolcha
 12285 | D:12     | Killed Erolcha
 12679 | D:12     | Noticed Kirke
 12699 | D:12     | Killed Kirke
 12854 | D:12     | Reached **** piety under Hepliaklqana
 12974 | D:13     | Noticed a centaur warrior
 12977 | D:13     | Noticed a death knight
 13000 | D:13     | Killed a centaur warrior
 13036 | D:12     | Reached skill level 10 in Armour
 13651 | D:13     | Killed a death knight
 13825 | D:13     | Noticed a death knight
 14024 | D:13     | Noticed a centaur warrior
 14027 | D:13     | Killed a centaur warrior
 14039 | D:13     | Reached XP level 13. HP: 80/92 MP: 13/13
 14080 | D:13     | Got a strange book
 14144 | D:13     | Found Zilydof's Assorted Antiques.
 14152 | D:13     | Bought a scroll labelled EKHLIRHY GOIT for 29 gold pieces
 14152 | D:13     | Bought 2 scrolls of identify for 116 gold pieces
 14160 | D:13     | Found Letuj's Magic Scroll Shoppe.
 14163 | D:13     | Bought a scroll of silence for 161 gold pieces
 14163 | D:13     | Bought a scroll of identify for 34 gold pieces
 14163 | D:13     | Bought a scroll of identify for 34 gold pieces
 14163 | D:13     | Bought a scroll of identify for 34 gold pieces
 14271 | D:13     | Reached skill level 11 in Polearms
 14841 | D:13     | Reached skill level 12 in Polearms
 15866 | D:14     | Reached skill level 13 in Polearms
 15888 | D:14     | Found a gate to the Vaults.
 16343 | D:14     | Found Omuevux's Weapon Shop.
 16643 | D:14     | Reached skill level 14 in Polearms
 16657 | D:14     | Reached skill level 1 in Invocations
 17065 | D:14     | Reached skill level 5 in Invocations
 17093 | D:14     | Gained mutation: You are mostly covered in icy blue scales.
                  | (AC +3) [demonic ancestry]
 17093 | D:14     | Reached XP level 14. HP: 23/99 MP: 16/18
 17424 | D:14     | Noticed a frost giant
 17502 | D:13     | Killed a frost giant
 18948 | D:14     | Noticed a storm dragon
 18979 | D:14     | Killed a storm dragon
 19272 | D:14     | Found the +1 robe of Vines {NoPotionHeal Regen++++}
 19275 | D:14     | Got a clothbound book
 19345 | D:15     | Entered Level 15 of the Dungeon
 19831 | D:15     | Reached ***** piety under Hepliaklqana
 20050 | D:15     | Killed from afar by an ice dragon

Illustrated notes

Levels and vault maps discovered:
D:1:      lemuel_arrival_funnel, layout_basic
D:2:      layout_loops_ring
D:3:      layout_loops_cross, tgw_xom
D:4:      layout_basic, minmay_small_thing, uniq_menkaure
D:5:      layout_basic, fedhas_ov_isle_minmay, uniq_edmund
D:6:      layout_gridville, minmay_unpleasant_kobolds, uniq_maggie
D:7:      layout_basic, minmay_temple_entry_gardened_gates, enter_bailey_5,
          uniq_joseph
D:8:      layout_loops_corners, elyvilon_altar_3, uniq_maurice, uniq_pikel,
          uniq_grum, uniq_jeremiah
D:9:      layout_basic, uniq_amaemon
D:10:     layout_roguey, lair_entry_dummy, orc_0_dummy, uniq_urug
D:11:     layout_stronghold
D:12:     layout_stronghold, uniq_kirke, uniq_erolcha
D:13:     layout_stronghold, serial_shops, kennysheep_mini_moat, shop
D:14:     minmay_sliced_demisemicircle, layout_cave_pods,
          hellmonk_vaults_order_and_chaos, serial_shops, nicolae_lakefront_shop,
          minivault_7
D:15:     grunt_enter_depths_hoard, layout_small_grid, minmay_misc_feat_room
Temple:   nicolae_temple_bog_church

Skill      XL: |  1  2  3  4  5  6  7  8  9 10 11 12 13 14 |
---------------+-------------------------------------------+-----
Fighting       | 3 4 5 6 9 10 | 10.0
Polearms       | 1 2 4 7 9 10 14 | 14.0
Armour         | 1 4 5 10 | 10.0
Shields        | 3 5 |  5.0
Dodging        | 5 |  5.0
Evocations     | 9 10 12 | 12.1
Invocations    | 6 9 |  9.0
Short Blades   | |  2.6
Throwing       | |  1.7

Action                     |  1- 3 |  4- 6 |  7- 9 | 10-12 | 13-15 || total
---------------------------+-------+-------+-------+-------+-------++-------
  Melee: Rapier            |    39 |       |       |       |       ||    39
         Spear             |    66 |   100 |   447 |   848 |   803 ||  2264
         Unarmed           |       |       |       |     2 |       ||     2
  Throw: Throwing net      |     2 |     1 |       |     2 |     1 ||     6
 Invoke: Ancestor Life: Kn |       |       |       |     1 |       ||     1
         Recall Ancestor   |       |       |       |     2 |     6 ||     8
  Evoke: Wand              |       |       |     2 |     7 |    11 ||    20
    Use: Scroll            |     5 |     2 |     7 |     7 |     5 ||    26
         Potion            |       |       |     1 |     3 |     3 ||     7
   Stab: Held in net/web   |       |     1 |       |     2 |     1 ||     4
         Sleeping          |       |       |       |     7 |     4 ||    11
         Paralysed         |       |       |       |    18 |    29 ||    47
         Distracted        |       |       |       |     7 |     5 ||    12
 Armour: Leather armour    |    42 |       |       |   153 |   246 ||   441
         Chain mail        |    11 |       |       |       |       ||    11
         Scale mail        |     4 |    27 |   199 |    11 |       ||   241
         Skin              |       |       |       |     1 |       ||     1
         Robe              |       |       |       |       |    40 ||    40
  Dodge: Dodged            |    53 |    14 |    91 |   121 |   128 ||   407
  Block: Kite shield       |       |    45 |   333 |   505 |   563 ||  1446
         Reflection        |       |       |       |    22 |    46 ||    68
         Other             |       |       |       |     3 |       ||     3

Table legend: (Time is in decaauts)
 A = Elapsed time spent in this place.
 B = Non-inter-level travel time spent in this place.
 C = Inter-level travel time spent in this place.
 D = Time resting spent in this place.
 E = Time spent auto-exploring this place.
 F = Levels seen in this place.
 G = Mean time per level.
                   A        B        C        D        E       F      G
               +--------+--------+--------+--------+--------+-----+--------+
         Total |  19550 |  18952 |    598 |   5044 |  10385 |  17 | 1150.0 |
       Dungeon |  18715 |  18142 |    573 |   4549 |  10254 |  15 | 1247.7 |
        Temple |     26 |      1 |     25 |      0 |      0 |   1 |   26.0 |
        Bailey |    808 |    808 |      0 |    495 |    131 |   1 |  808.0 |
               +--------+--------+--------+--------+--------+-----+--------+

Top non-repeatable levels by time:
    D:14: 2945 daAuts
    D:13: 2835 daAuts
    D:12: 1757 daAuts
     D:8: 1485 daAuts
     D:4: 1288 daAuts
     D:1: 1016 daAuts
     D:5: 990 daAuts
    D:11: 972 daAuts
     D:9: 943 daAuts
     D:6: 900 daAuts
     D:2: 838 daAuts
  Bailey: 808 daAuts
     D:3: 793 daAuts
    D:10: 782 daAuts
     D:7: 726 daAuts
